 Dungeon Crawl Stone Soup version 0.31-a0-1496-g79c7dd0eeb (webtiles) character file.

Game seed: 15986197799136694055

236 Flugkiller the Apothecary (level 6, -11/36 HPs)
             Began as an Octopode Alchemist on Dec 29, 2023.
             Mangled by Prince Ribbit (16 damage)
             ... on level 5 of the Dungeon.
             The game lasted 00:04:12 (892 turns).

Flugkiller the Apothecary (Octopode Alchemist)       Turns: 892, Time: 00:04:13

Health: -11/36     AC:  1    Str:  7    XL:     6   Next: 6%
Magic:  9/12       EV: 13    Int: 19    God:
Gold:   57         SH:  0    Dex: 13    Spells: 6/13 levels left

rFire   . . .        k - +1 dagger (venom)
rCold   . . .        (no shield)
rNeg    . . .        (helmet restricted)
rPois   .            (no amulet)
rElec   .            (no ring)
rCorr   .            (no ring)
SInv    .            (no ring)
Will    .....        (no ring)
Stlth   +++          (no ring)
HPRegen 0.26/turn    (no ring)
MPRegen 0.13/turn    (no ring)
                     (no ring)

%: no passive effects
@: no status effects
A: almost no armour, amphibious, 8 rings, camouflage 1, gelatinous body 1,
(nimble swimmer 1), tentacles
a: no special abilities


You were on level 5 of the Dungeon.
You visited 1 branch of the dungeon, and saw 5 of its levels.

You collected 57 gold pieces.

Inventory:

Hand Weapons
 i - a +0 dagger
   (You took it off a goblin on level 3 of the Dungeon)
 k - a +1 dagger of venom (weapon)
   (You took it off a goblin on level 3 of the Dungeon)
 n - a +0 war axe of freezing
   (You took it off an orc on level 3 of the Dungeon)
 o - a +0 dagger of speed
   (You took it off an orc on level 3 of the Dungeon)
Scrolls
 c - a scroll of blinking {unknown}
 j - a scroll of silence {unknown}
 l - a scroll of teleportation {unknown}
Potions
 a - a potion of magic
 b - a potion of brilliance
 d - a potion of might {unknown}
 e - a potion of mutation {unknown}
 f - a potion of attraction {unknown}
 g - a potion of invisibility {unknown}
 h - a potion of haste
 m - a potion of heal wounds {unknown}


   Skills:
 - Level 2.0 Dodging
 - Level 2.6 Stealth
 - Level 4.0 Spellcasting
 - Level 1.0 Conjurations
 + Level 5.8 Alchemy


You had 6 spell levels left.
You knew the following spells:

 Your Spells              Type           Power      Damage    Failure   Level
a - Sting                 Conj/Alch      64%        1d7       3%          1
b - Mercury Vapours       Alch/Air       28%        N/A       6%          2
c - Olgreb's Toxic Radia  Alch           26%        N/A       12%         4

Your spell library contained the following spells:

 Spells                   Type           Power      Damage    Failure   Level
 Mephitic Cloud           Conj/Alch/Air  12%        N/A       16%         3
 Fulminant Prism          Conj/Alch      8%         3d7       32%         4
 Volatile Blastmotes      Fire/Tloc      6%         2d10      38%         3
 Sticky Flame             Fire/Alch      14%        2d5       38%         4
 Iskenderun's Mystic Bla  Conj/Tloc      5%         2d3       73%         4


Dungeon Overview and Level Annotations

Branches:
Dungeon (5/15) Zot: 26993
 Temple: D:4-7

Altars:

Annotations:
D:5 Prince Ribbit


Innate Abilities, Weirdness & Mutations

You cannot wear most types of armour.
You are amphibious.
You can wear up to eight rings at the same time.
Your skin changes colour to match your surroundings (Stealth+).
Your rubbery body absorbs attacks. (AC +1, EV +1)
((You are camouflaged when in or above water. (Stealth+)))
You have tentacles for arms and can constrict up to eight enemies at once.


Message History

The worm is heavily wounded.
A goblin comes into view. It is wielding a +0 dagger.
Found a scroll labelled UZXIOST HEXA.
The goblin shouts!
An adder comes into view.
The worm bites you.
You barely miss the worm.
The adder hisses angrily.
Your grab misses the worm. You squeeze the worm!
You kill the worm!
You have reached level 6!
Casting: Sting (safe; 3% risk of failure)
Confirm with . or Enter, or press ? or * to list all spells.
Aiming: Sting (safe; 3% risk of failure)
Press: ? - help, Shift-Dir - straight line, f - goblin
Aim: a goblin, wielding a +0 dagger (67% to hit)
The sting hits the goblin.
The goblin is poisoned.
You kill the goblin!
Casting: Sting (safe; 3% risk of failure)
Confirm with . or Enter, or press ? or * to list all spells.
Aiming: Sting (safe; 3% risk of failure)
Press: ? - help, Shift-Dir - straight line, f - adder
Aim: an adder (57% to hit)
The sting hits the adder.
The adder is poisoned.
The adder is moderately wounded.
The adder bites you.
You hit the adder.
The adder looks even sicker.
You grab the adder.
The adder is heavily wounded.
You constrict the adder. The adder barely misses you.
You hit the adder.
The adder is almost dead.
You constrict the adder.
You kill the adder!
No target in view!
Found an escape hatch in the floor.
You see here a +0 dagger.
Found a stone staircase leading down.
Found 5 stones.
c - a scroll labelled UZXIOST HEXA You see here 5 stones.
A giant cockroach comes into view.
Casting: Sting (safe; 3% risk of failure)
Confirm with . or Enter, or press ? or * to list all spells.
Aiming: Sting (safe; 3% risk of failure)
Press: ? - help, Shift-Dir - straight line, f - giant cockroach
Aim: a giant cockroach (asleep, 100% to hit)
The sting hits the giant cockroach but does no damage.
The giant cockroach is poisoned.
Casting: Sting (safe; 3% risk of failure)
Confirm with . or Enter, or press ? or * to list all spells.
Aiming: Sting (safe; 3% risk of failure)
Press: ? - help, Shift-Dir - straight line, f/p - giant cockroach
Aim: a giant cockroach (moderately wounded, poisoned, 74% to hit)
The sting hits the giant cockroach.
The giant cockroach looks even sicker.
You kill the giant cockroach!
You see here a giant cockroach corpse.
You see here a giant cockroach corpse.
You see here 5 stones.
There is a stone staircase leading down here.
You climb downwards.
There is a stone staircase leading up here.
Prince Ribbit comes into view.
Casting: Sting (safe; 3% risk of failure)
Confirm with . or Enter, or press ? or * to list all spells.
Aiming: Sting (safe; 3% risk of failure)
Press: ? - help, Shift-Dir - straight line, f - Prince Ribbit
Aim: Prince Ribbit (asleep, 100% to hit)
The sting hits Prince Ribbit.
Prince Ribbit is poisoned.
Prince Ribbit is lightly wounded.
Prince Ribbit croaks.
You miss Prince Ribbit. You grab Prince Ribbit. You squeeze Prince Ribbit!
Prince Ribbit is moderately wounded.
You constrict Prince Ribbit. Prince Ribbit closely misses you.
Casting: Sting (safe; 3% risk of failure)
Confirm with . or Enter, or press ? or * to list all spells.
Aiming: Sting (safe; 3% risk of failure)
Press: ? - help, Shift-Dir - straight line, f/p - Prince Ribbit
Aim: Prince Ribbit (moderately wounded, constricted by you, poisoned, 98% to hit)
The sting hits Prince Ribbit.
Prince Ribbit looks even sicker.
Prince Ribbit is moderately wounded.
You constrict Prince Ribbit. Prince Ribbit hits you!!
Ouch! That really hurt!
Prince Ribbit closely misses you.
Casting: Sting (safe; 3% risk of failure)
Confirm with . or Enter, or press ? or * to list all spells.
Aiming: Sting (safe; 3% risk of failure)
Press: ? - help, Shift-Dir - straight line, f/p - Prince Ribbit
Aim: Prince Ribbit (moderately wounded, constricted by you, very poisoned, 98% to hit)
The sting hits Prince Ribbit.
Prince Ribbit looks even sicker.
Prince Ribbit is heavily wounded.
You constrict Prince Ribbit. Prince Ribbit hits you!
* * * LOW HITPOINT WARNING * * *
Okay, then.
You aren't carrying any items that you can evoke.
Unknown command.
You hit Prince Ribbit.
Prince Ribbit looks as sick as possible!
Prince Ribbit is severely wounded.
You constrict Prince Ribbit. Prince Ribbit hits you!
You die...

#.#############
#......<......#
########@####.#
........F....#
#######.######
#.# #.# #.# #.#
#.#


You could see Prince Ribbit (extremely poisoned).

Vanquished Creatures
  A black bear (D:3)
  A jelly (D:4)
  An orc priest (D:3)
  Robin (D:3)
  An adder (D:4)
  A dart slug (D:1)
  A worm (D:4)
  5 orcs (D:3)
  7 endoplasms
  3 giant cockroaches (D:4)
  13 goblins
  7 hobgoblins
  A ball python (D:1)
  2 bats
  2 frilled lizards
  2 kobolds
  2 rats (D:3)
51 creatures vanquished.

Notes
Turn   | Place    | Note
-------+----------+-------------------------------------------
     0 | D:1      | Flugkiller the Octopode Alchemist began the quest for the
                  | Orb.
     0 | D:1      | Reached XP level 1. HP: 11/11 MP: 3/3
   181 | D:2      | Reached XP level 2. HP: 13/17 MP: 0/5
   271 | D:3      | Noticed a black bear
   276 | D:3      | Learned a level 2 spell: Mercury Vapours
   320 | D:3      | Killed a black bear
   321 | D:3      | Reached skill level 4 in Alchemy
   321 | D:3      | Reached XP level 3. HP: 19/21 MP: 0/7
   321 | D:3      | Reached XP level 4. HP: 24/27 MP: 0/9
   331 | D:3      | Learned a level 4 spell: Olgreb's Toxic Radiance
   360 | D:3      | Noticed Robin
   378 | D:3      | Reached XP level 5. HP: 27/31 MP: 4/10
   405 | D:3      | Killed Robin
   406 | D:3      | Reached skill level 5 in Alchemy
   767 | D:4      | Reached XP level 6. HP: 30/36 MP: 6/12
   886 | D:5      | Entered Level 5 of the Dungeon
   887 | D:5      | Noticed Prince Ribbit
   892 | D:5      | Mangled by Prince Ribbit

Illustrated notes

Levels and vault maps discovered:
D:1:      ncdulo_smallfort, layout_loops_corners, chequers_serial_rivers_marsh
D:2:      layout_basic, hellmonk_ecumenical_altar_crossroads,
          roderic_serpentine_path, uniq_terence
D:3:      layout_basic, general_overflow_altar, serial_shops, shop, uniq_robin,
          uniq_sigmund
D:4:      layout_loops_ring, serial_co_window_serial, co_window_paths_a,
          co_window_cross_1, co_window_paths_b, co_window_of_opportunity_a,
          co_window_paths_a, co_window_unsneaky_path_a, co_window_corner_ca,
          co_window_of_opportunity_b, co_window_of_opportunity_b,
          co_window_corner_b, co_window_broadway_a, glass_columns_a,
          glass_columns_b, glass_columns_a, glass_columns_b, glass_columns_b,
          biasface_ghost_orc_armoury
D:5:      layout_basic, mainiacjoe_overflow_alcove_2,
          minmay_temple_entry_drinking_statues, chequers_mini_garden,
          uniq_prince_ribbit1

Skill      XL: |  1  2  3  4  5 |
---------------+----------------+-----
Spellcasting   | 3 4 |  4.0
Alchemy        | 4 5 |  5.8
Dodging        | |  2.0
Stealth        | |  2.6
Conjurations   | |  1.0

Action                     |  1- 3 |  4- 6 || total
---------------------------+-------+-------++-------
  Melee: Unarmed           |     6 |       ||     6
         Tentacles         |     3 |     6 ||     9
         Dagger            |     4 |    31 ||    35
         Constrict         |     1 |    11 ||    12
         Punch             |       |     1 ||     1
   Cast: Sting             |    16 |    43 ||    59
         Mercury Vapours   |     1 |       ||     1
         Olgreb's Toxic Ra |       |     2 ||     2
    Use: Scroll            |       |     2 ||     2
 Armour: Skin              |     7 |    24 ||    31
  Dodge: Dodged            |     5 |    19 ||    24

Table legend: (Time is in decaauts)
 A = Elapsed time spent in this place.
 B = Non-inter-level travel time spent in this place.
 C = Inter-level travel time spent in this place.
 D = Time resting spent in this place.
 E = Time spent auto-exploring this place.
 F = Levels seen in this place.
 G = Mean time per level.
                   A        B        C        D        E       F      G
               +--------+--------+--------+--------+--------+-----+--------+
         Total |    892 |    790 |    102 |      0 |      0 |   5 |  178.4 |
       Dungeon |    892 |    790 |    102 |      0 |      0 |   5 |  178.4 |
               +--------+--------+--------+--------+--------+-----+--------+

Top non-repeatable levels by time:
     D:3: 355 daAuts
     D:4: 232 daAuts
     D:1: 179 daAuts
     D:2: 119 daAuts
     D:5: 5 daAuts
